 Dungeon Crawl Stone Soup version 0.20-a0-641-g673355a (webtiles) character file.

23398 graki42 the Carver (level 13, -2/92 HPs)
             Began as a Halfling Berserker on Feb 13, 2017.
             Was an Elder of Trog.
             Slain by an ice devil (18 damage)
             ... summoned by an orc sorcerer
             ... on level 2 of the Orcish Mines.
             The game lasted 00:53:50 (13208 turns).

graki42 the Carver (Halfling Berserker)            Turns: 13208, Time: 00:53:51

Health: -2/92      AC: 18    Str: 19    XL:     13   Next: 34%
Magic:  0/13       EV: 13    Int:  8    God:    Trog [****..]
Gold:   1255       SH:  0    Dex: 15    Spells: 12/12 levels left

rFire    . . .     SeeInvis +   q - +1 long sword (elec)
rCold    . . .     Gourm    .   U - +3 chain mail
rNeg     . . .     Faith    .   (shield restricted)
rPois    .         Spirit   +   (no helmet)
rElec    .         Reflect  .   (no cloak)
rCorr    .         Harm     .   O - +0 pair of gloves
MR       .....                  (no boots)
Stlth    ..........             x - amulet of guardian spirit
Regen    0.3/turn               C - ring of see invisible
MPRegen  0.2/turn               z - +2 ring of protection

@: exhausted, slowed, very slow
A: mutation resistance 1
a: Berserk, Trog's Hand, Brothers in Arms, Burn Spellbooks, Renounce Religion


You were on level 2 of the Orcish Mines.
You worshipped Trog.
Trog was greatly pleased with you.
You were hungry.

You visited 3 branches of the dungeon, and saw 12 of its levels.

You collected 1291 gold pieces.
You spent 36 gold pieces at shops.

Inventory:

Hand Weapons
 a - a +4 double sword of holy wrath
 q - a +1 long sword of electrocution (weapon)
 S - a +4 antimagic scimitar
Missiles
 I - a throwing net (quivered)
Armour
 n - a +0 plate armour of poison resistance
 J - a +2 plate armour of poison resistance
 O - a +0 pair of gloves (worn)
 R - a +3 plate armour of fire resistance
 U - a +3 chain mail (worn)
Jewellery
 x - an amulet of guardian spirit (around neck)
 z - a +2 ring of protection (left hand)
 C - a ring of see invisible (right hand)
Wands
 r - a wand of confusion (26/48)
 v - a wand of polymorph (9/24)
 w - a wand of confusion (24/48)
 B - a wand of random effects (27/48)
 D - a wand of lightning (6/15)
 G - a wand of polymorph (5/24)
 L - a wand of paralysis (14/24)
 N - a wand of enslavement (19/24)
 P - a wand of iceblast (4/15)
Scrolls
 g - 8 scrolls of remove curse
 i - 2 scrolls of fear {unknown}
 j - 7 scrolls of teleportation {unknown}
 l - a scroll of magic mapping {unknown}
 o - a scroll of enchant armour {unknown}
 p - 2 scrolls of immolation {unknown}
 s - 3 scrolls of amnesia {unknown}
 t - a scroll of recharging {unknown}
 y - 3 scrolls of blinking {unknown}
 F - 2 scrolls of fog {unknown}
 M - a scroll of noise {unknown}
 T - a scroll of vulnerability {unknown}
Potions
 b - 3 potions of agility
 d - a potion of ambrosia
 e - a potion of curing
 f - 3 potions of lignification
 h - 2 potions of invisibility
 k - a potion of resistance
 H - 3 potions of haste {unknown}
 K - 3 potions of heal wounds {unknown}
 Q - 2 potions of mutation
Books
 A - a book of Minor Magic

   Spells                             Type                      Level
   a - Magic Dart                     Conjuration                  1
   b - Blink                          Translocation                2
   c - Call Imp                       Summoning                    2
   d - Slow                           Hexes                        2
   e - Conjure Flame                  Conjuration/Fire             3
   f - Mephitic Cloud                 Conjuration/Poison/Air       3
   Trog disapproves of the use of such an item.
Comestibles
 c - 11 bread rations
 m - 6 meat rations
 u - 4 royal jellies
 E - 2 chunks of flesh


   Skills:
 + Level 10.1 Fighting
 + Level 14.3 Long Blades
 + Level 12.0 Armour
 + Level 5.5 Dodging
 - Level 0.2 Stealth


You had 12 spell levels left.
You didn't know any spells.

Dungeon Overview and Level Annotations

Branches:
Dungeon (9/15)             Temple (1/1) D:7            Lair (0/6) D:9
    Orc (2/2) D:9
    Elf: Orc:2

Altars:
Ashenzari
Cheibriados
Dithmenos
Elyvilon
Fedhas
Gozag
Hepliaklqana
Kikubaaqudgha
Makhleb
Nemelex Xobeh
Okawaru
Qazlal
Ru
Sif Muna
Trog
Uskayaw
Vehumet
Xom
Yredelemnul
Zin
The Shining One
Beogh

Shops:
D:4 (   Orc:2 *[


Innate Abilities, Weirdness & Mutations

You are small and have problems with some larger weapons.
You are somewhat resistant to further mutation.


Message History

The orc sorcerer hits you but does no damage. x2
The red devil hits you from afar with a trident.
The orc sorcerer completely misses you.
The ice devil hits you but does no damage.
The orc sorcerer hits you but does no damage.
The red devil barely misses you.
The ice devil hits you but does no damage.
The orc sorcerer casts a spell at you. The bolt of fire hits you!
You are no longer berserk.
You feel yourself slow down.
The red devil hits you from afar with a trident!
* * * LOW HITPOINT WARNING * * *
The ice devil hits you but does no damage.
The orc sorcerer hits you but does no damage.
You can move again.
The ice devil hits you.
* * * LOW HITPOINT WARNING * * *
The ice devil freezes you!!
You die...

#...#.##'##.#..≈≈≈≈≈≈≈
#...#.#...#.)..≈≈§§≈#
#+###'##.#...###..≈≈≈§##
.........'._.'.########
######'###...#.#
#..#.....#...#.# ####
...#)....#####.# .$.###
..))..⌠..# #.###)....##
...#.....# #.'@44..$...
...#.....# #####o...$##
...####### ...###
.........##.. ####
............#
............#
............#
#......<...#
###........#


You could see an ice devil, an orc sorcerer and a red devil.

Vanquished Creatures
  An orc warlord (Orc:2)
  4 two-headed ogres
  3 orc high priests (Orc:2)
  4 orc knights
  Pikel (D:6)
  An orc sorcerer (Orc:2)
  A cyclops (Orc:1)
  A hornet (D:9)
  7 trolls
  Sigmund (D:4)
  7 wargs (Orc:2)
  The ghost of nikopol the Covered, an amateur GrFi (D:3)
  2 water moccasins
  An ice beast (D:5)
  38 orc warriors
  A slave (D:6)
  A black bear (D:6)
  A necrophage (D:9)
  2 sky beasts
  15 ogres
  2 phantoms
  2 centaurs
  3 bullfrogs (D:9)
  A scorpion (D:9)
  A killer bee (D:7)
  2 electric eels (D:8)
  5 wights (D:7)
  4 howler monkeys
  5 crimson imps
  A centaur zombie (D:8)
  A quasit (D:9)
  2 jellies
  24 orc wizards
  28 orc priests
  3 bullfrog skeletons (D:8)
  2 centaur skeletons (D:9)
  4 iguanas
  4 worker ants
  A killer bee zombie (D:6)
  A hound skeleton (D:7)
  3 gnolls (D:2)
  14 adders
  2 howler monkey skeletons (D:6)
  3 shadow imps
  An ooze (D:1)
  3 adder skeletons
  5 worms
  3 dart slugs
  6 leopard geckos
  102 orcs
  4 ball pythons
  7 bats
  6 giant cockroaches
  6 goblins
  2 hobgoblins (D:1)
  8 jackals
  3 quokkas
  4 frilled lizards
  7 kobolds
  A quokka skeleton (D:5)
  A quokka zombie (D:9)
  11 rats
391 creatures vanquished.

Vanquished Creatures (collateral kills)
  An orc warlord (Orc:1)
  Nessos (Orc:2)
  A two-headed ogre (Orc:2)
  An orc high priest (Orc:2)
  The ghost of Chiseanne the Spry, a journeyman SpWn of Gozag (Orc:2)
  An orc sorcerer (Orc:2)
  A troll (Orc:2)
  2 orc warriors (Orc:2)
  2 orc priests (Orc:2)
  An orc wizard (Orc:2)
  10 orcs
22 creatures vanquished.

Vanquished Creatures (others)
  A ball python (D:3)
1 creature vanquished.

Grand Total: 414 creatures vanquished

Notes
Turn   | Place    | Note
-------+----------+-------------------------------------------
     0 | D:1      | graki42 the Halfling Berserker began the quest for the Orb.
     0 | D:1      | Reached XP level 1. HP: 15/15 MP: 1/1
    50 | D:1      | Reached XP level 2. HP: 13/20 MP: 2/2
   196 | D:1      | Reached XP level 3. HP: 12/25 MP: 3/3
   460 | D:1      | Reached ** piety under Trog
  1078 | D:2      | Reached XP level 4. HP: 30/31 MP: 4/4
  1086 | D:2      | Reached skill level 4 in Long Blades
  1421 | D:2      | Reached XP level 5. HP: 34/36 MP: 5/5
  1530 | D:2      | Found a blossoming altar of Fedhas.
  1531 | D:2      | Found an ancient bone altar of Kikubaaqudgha.
  1873 | D:3      | Noticed an ogre
  1880 | D:3      | Killed an ogre
  1880 | D:3      | Reached XP level 6. HP: 42/42 MP: 6/6
  1888 | D:3      | Noticed nikopol's ghost (amateur GrFi)
  1922 | D:3      | Found a white marble altar of Elyvilon.
  2163 | D:3      | Reached skill level 5 in Long Blades
  2215 | D:3      | Killed nikopol's ghost
  2215 | D:3      | Reached *** piety under Trog
  2498 | D:3      | Reached XP level 7. HP: 46/46 MP: 7/7
  2769 | D:4      | Found an iron altar of Okawaru.
  2785 | D:4      | Reached skill level 6 in Long Blades
  2861 | D:4      | Found a radiant altar of Vehumet.
  2922 | D:4      | Got a smoking leather armour
  2933 | D:4      | Identified the +2 leather armour of the Game of Life {rF+ SInv} (You found it on level 4 of the Dungeon)
  2959 | D:4      | Noticed Sigmund
  2967 | D:4      | Killed Sigmund
  2967 | D:4      | Reached XP level 8. HP: 54/54 MP: 8/8
  3327 | D:4      | Found Ofasuope's Weapon Emporium.
  3440 | D:4      | Found a stormy altar of Qazlal.
  3567 | D:3      | Found an iron altar of Okawaru.
  3594 | D:5      | Entered Level 5 of the Dungeon
  3602 | D:5      | Reached skill level 7 in Long Blades
  3803 | D:5      | Reached skill level 5 in Armour
  4134 | D:5      | Found a shimmering altar of Xom.
  4320 | D:5      | Found a hazy altar of Hepliaklqana.
  4431 | D:5      | Found an ancient bone altar of Kikubaaqudgha.
  4525 | D:5      | Reached skill level 8 in Long Blades
  4694 | D:6      | Found a deep blue altar of Sif Muna.
  4721 | D:6      | Reached XP level 9. HP: 59/59 MP: 7/9
  4741 | D:6      | Reached **** piety under Trog
  4741 | D:6      | Reached skill level 5 in Fighting
  5141 | D:6      | Noticed Pikel
  5154 | D:6      | Killed Pikel
  5154 | D:6      | Reached skill level 9 in Long Blades
  5480 | D:7      | Found a staircase to the Ecumenical Temple.
  5640 | D:7      | Reached XP level 10. HP: 50/68 MP: 8/10
  5980 | D:7      | Reached skill level 10 in Long Blades
  6128 | Temple   | Entered the Ecumenical Temple
  6325 | D:7      | Found a glowing silver altar of Zin.
  6353 | D:8      | Noticed a two-headed ogre
  6359 | D:8      | Killed a two-headed ogre
  6488 | D:8      | Noticed a two-headed ogre
  6498 | D:8      | Killed a two-headed ogre
  7004 | D:8      | Reached ***** piety under Trog
  7209 | D:8      | Reached skill level 11 in Long Blades
  7381 | D:9      | Found a basalt altar of Yredelemnul.
  7448 | D:9      | Found a staircase to the Lair.
  7471 | D:9      | Found a shadowy altar of Dithmenos.
  7690 | D:9      | Found a staircase to the Orcish Mines.
  7724 | D:9      | Reached XP level 11. HP: 68/75 MP: 11/11
  7776 | D:9      | Found a shattered altar of Ashenzari.
  7800 | D:9      | Received a gift from Trog
  7982 | D:9      | Paralysed by a hornet for 3 turns
  8499 | Orc:1    | Entered Level 1 of the Orcish Mines
  8499 | Orc:1    | Noticed a cyclops
  8505 | Orc:1    | Killed a cyclops
  8826 | Orc:1    | Noticed an orc warlord
  8984 | Orc:1    | Killed an orc warlord
  8984 | Orc:1    | Reached skill level 12 in Long Blades
  9189 | Orc:1    | Noticed an orc knight
  9202 | Orc:1    | Killed an orc knight
  9202 | Orc:1    | Reached skill level 10 in Armour
  9361 | Orc:1    | Found a roughly hewn altar of Beogh.
  9441 | Orc:1    | Noticed an orc knight
  9450 | Orc:1    | Killed an orc knight
 10024 | Orc:2    | Entered Level 2 of the Orcish Mines
 10024 | Orc:2    | Noticed Nessos
 10027 | Orc:2    | Killed Nessos
 10027 | Orc:2    | Reached XP level 12. HP: 71/83 MP: 8/12
 10030 | Orc:2    | Noticed a two-headed ogre
 10038 | Orc:2    | Killed a two-headed ogre
 10038 | Orc:2    | Reached skill level 5 in Dodging
 10068 | Orc:2    | Noticed a two-headed ogre
 10103 | Orc:2    | Killed a two-headed ogre
 10271 | Orc:2    | Noticed a two-headed ogre
 10369 | Orc:2    | Killed a two-headed ogre
 10369 | Orc:2    | Reached skill level 13 in Long Blades
 10586 | Orc:2    | Paralysed by an orc sorcerer for 2 turns
 10596 | Orc:2    | Noticed Chiseanne's ghost (journeyman SpWn)
 11105 | Orc:2    | Killed Chiseanne's ghost
 11126 | Orc:2    | Noticed a sixfirhy
 11128 | Orc:2    | Received a gift from Trog
 11479 | Orc:2    | Noticed an orc high priest
 11482 | Orc:2    | Noticed a sun demon
 11491 | Orc:2    | Killed an orc high priest
 12042 | Orc:2    | Noticed an orc warlord
 12064 | Orc:2    | Killed an orc warlord
 12379 | Orc:2    | Found a roughly hewn altar of Beogh.
 12394 | Orc:2    | Noticed an orc high priest
 12395 | Orc:2    | Found Sargh's General Store.
 12399 | Orc:2    | Reached XP level 13. HP: 90/90 MP: 10/13
 12447 | Orc:2    | Found Bessaa's Assorted Antiques.
 12468 | Orc:2    | Reached skill level 14 in Long Blades
 12487 | Orc:2    | Bought a purple potion for 18 gold pieces
 12487 | Orc:2    | Bought an orange potion for 18 gold pieces
 12770 | Orc:2    | Received a gift from Trog
 12855 | Orc:2    | Reached skill level 10 in Fighting
 13123 | Orc:2    | Found a roughly hewn altar of Beogh.
 13124 | Orc:2    | Found Biwnea Upheo's Armour Emporium.
 13201 | Orc:2    | Paralysed by an orc sorcerer for 6 turns
 13208 | Orc:2    | Slain by an ice devil

Vault maps used:
D:1:      sevenhm_arrival_forest_fort_small_4
D:2:      grunt_temple_overflow_growth_and_decay, minmay_misc_feat_plants
D:3:      nicolae_overflow_hidden_temple, elyvilon_altar_4
D:4:      nicolae_qazlal_eye_of_the_storm, lemuel_crystal_altar, serial_shops,
          kennysheep_mini_moat, okawaru_ov_weapons_minmay, uniq_sigmund
D:5:      xom_teletrap_fun, overflow_temple_1_default, basic_altar, first_bread
D:6:      overflow_temple_1_default, uniq_pikel
D:7:      zin_statuary, minmay_temple_entry_butterflies, grunt_ogre_cave
D:8:      minmay_misc_feat_doors, water_maze_lemuel
D:9:      lemuel_crystal_altar, overflow_temple_1_default,
          grunt_dithmenos_smoke_and_mirrors, lair_entry_dummy, hiddenorc1_lemuel
Temple:   dpeg_three_leaves_temple
Orc:1:    nicolae_orc_accident_1, basic_altar
Orc:2:    pubby_orc_utopia, uniq_nessos

Skill      XL: |  1  2  3  4  5  6  7  8  9 10 11 12 13 |
---------------+----------------------------------------+-----
Fighting       | 3 4 5 7 8 9 10 | 10.1
Dodging        | 3 4 5 |  5.5
Long Blades    | 4 5 6 8 9 11 12 13 14 | 14.3
Armour         | 3 4 5 7 9 10 11 12 | 12.0
Stealth        | |  0.2

Action                   |  1- 3 |  4- 6 |  7- 9 | 10-12 | 13-15 || total
-------------------------+-------+-------+-------+-------+-------++-------
Melee: Falchion          |    89 |   117 |       |       |       ||   206
       Long sword        |       |    35 |   280 |   696 |   181 ||  1192
       Scimitar          |       |       |       |    27 |       ||    27
Invok: Berserk           |     1 |     1 |     5 |    20 |     3 ||    30
       Trog's Hand       |       |       |     1 |     6 |     1 ||     8
       Brothers in Arms  |       |       |       |     5 |     1 ||     6
  Use: Scroll            |       |     5 |     4 |     2 |       ||    11
       Potion            |       |       |       |     1 |     1 ||     2
 Stab: Distracted        |     1 |       |       |       |       ||     1
       Sleeping          |     1 |       |       |       |       ||     1
  Eat: Chunk             |     1 |     5 |    15 |    37 |     7 ||    65
       Meat ration       |       |       |     1 |       |       ||     1
       Royal jelly       |       |       |       |     2 |       ||     2
Armor: Animal skin       |    18 |       |       |       |       ||    18
       Ring mail         |     1 |     2 |       |       |       ||     3
       Chain mail        |       |    48 |   103 |   277 |    43 ||   471
Dodge: Dodged            |    75 |    80 |   147 |   359 |    80 ||   741
       Rpst.: Falchion   |    26 |    20 |       |       |       ||    46
       Long sword        |       |     7 |    38 |    84 |    23 ||   152
       Scimitar          |       |       |       |     4 |       ||     4
